 Dungeon Crawl Stone Soup version 0.27-a0-242-ge0fc76b88b (webtiles) character file.

Game seed: 16206580800848951351

1924 Borgoz the Ducker (level 9, -3/74 HPs)
             Began as a Ghoul Gladiator on Feb 2, 2021.
             Was a Priest of Dithmenos.
             Killed from afar by an electric eel (8 damage)
             ... with a bolt of electricity
             ... on level 6 of the Dungeon.
             The game lasted 00:08:32 (6614 turns).

Borgoz the Ducker (Ghoul Gladiator)                 Turns: 6614, Time: 00:08:33

Health: -3/74      AC:  8    Str: 18    XL:     9   Next: 17%
Magic:  8/8        EV: 16    Int:  9    God:    Dithmenos [***...]
Gold:   527        SH:  0    Dex: 13    Spells: 8/8 levels left

rFire    . . .     SeeInvis .   w - +4 scimitar (flame)
rCold    + . .     Faith    +   (no shield)
rNeg     + + +     Spirit   .   x - +0 steam dragon scales
rPois    ∞         Reflect  .   c - +0 helmet
rElec    .         Harm     +   k - scarf {harm}
rCorr    .         Rampage  .   (no gloves)
Will     .....                  e - +0 pair of boots
Stlth    ++........             h - amulet of faith
HPRegen  0.00/turn              i - +6 ring of intelligence
MPRegen  0.11/turn              (no ring)

@: wreathed by umbra
A: claws 1, cold resistance 1, negative energy resistance 3, inhibited
regeneration, torment resistance, unbreathing
a: Renounce Religion, Shadow Step


You were on level 6 of the Dungeon.
You worshipped Dithmenos.
Dithmenos was most pleased with you.
You visited 2 branches of the dungeon, and saw 7 of its levels.

You collected 527 gold pieces.

Inventory:

Hand Weapons
 w - a +4 scimitar of flaming (weapon)
Armour
 c - a +0 helmet (worn)
 e - a +0 pair of boots (worn)
 k - a scarf of harm (worn)
 x - +0 steam dragon scales (worn)
Jewellery
 h - an amulet of faith (around neck)
 i - a +6 ring of intelligence (left claw)
Wands
 b - a wand of charming (9)
Scrolls
 a - a scroll of vulnerability {unknown}
 d - a scroll of fear {unknown}
 m - a scroll of noise {unknown}
 n - a scroll of enchant armour {unknown}
 o - a scroll of magic mapping {unknown}
 r - a scroll of teleportation {unknown}
 s - a scroll of remove curse
Potions
 f - a potion of brilliance
 g - a potion of ambrosia
 l - 3 potions of haste
 u - 2 potions of flight
 v - a potion of invisibility


   Skills:
 + Level 5.5 Fighting
 * Level 6.7 Long Blades
 - Level 1.7 Throwing
 + Level 4.0 Armour
 * Level 6.8 Dodging


You had 8 spell levels left.
You didn't know any spells.
Your spell library was empty.

Dungeon Overview and Level Annotations

Branches:
Dungeon (6/15)             Temple (1/1) D:6

Altars:
Ashenzari
Cheibriados
Dithmenos
Elyvilon
Fedhas
Gozag
Hepliaklqana
Kikubaaqudgha
Makhleb
Nemelex Xobeh
Okawaru
Qazlal
Ru
Sif Muna
Trog
Uskayaw
Wu Jian
Yredelemnul
Zin
The Shining One


Innate Abilities, Weirdness & Mutations

You thrive by killing the living.
You are immune to poison.
You have sharp fingernails.
Your flesh is cold resistant. (rC+)
You are immune to negative energy. (rN+++)
You do not regenerate when monsters are visible.
You are immune to unholy pain and torment.
You can survive without breathing.


Message History

You barely miss the electric eel.
The electric eel shoots out a bolt of lightning at you!
The bolt of electricity hits you!
* * * LOW HITPOINT WARNING * * *
You feel much better.
The electric eel shoots out a bolt of lightning at you!
The bolt of electricity hits the electric eel.
The electric eel completely resists.
The bolt of electricity hits you!
* * * LOW HITPOINT WARNING * * *
Okay, then.
The electric eel shoots out a bolt of lightning at you!
The bolt of electricity hits you!
* * * LOW HITPOINT WARNING * * *
The electric eel shoots out a bolt of lightning at you!
The bolt of electricity misses you.
As you read the scroll of fog, it crumbles to dust.
The scroll dissolves into smoke.
The electric eel shoots out a bolt of lightning at you!
The bolt of electricity hits you!
You die...

### #.#
..####.##########
#..##.....#.....##
##..))...........##
##...............# #
#...............#
###...............####
...............§§....#
..............§§@§...#
≈.≈≈≈.≈≈.≈.≈.≈§§§§≈≈.#
≈≈≈≈≈≈≈≈≈≈≈≈≈≈≈;;§≈≈≈#
≈≈≈≈≈≈≈≈≈≈≈≈≈≈≈≈≈≈≈≈≈#
≈≈≈≈≈≈≈#####≈≈≈≈≈;≈≈≈#
########...#≈≈≈≈≈≈≈≈≈#
.......#...#≈≈≈≈≈≈≈≈≈#
.......#)))#≈≈≈≈≈≈≈≈≈#
.......##'##≈≈≈≈≈≈≈≈##


You could see 3 electric eels.

Vanquished Creatures
  Maggie (D:6)
  Prince Ribbit (D:6)
  Sigmund (D:4)
  Menkaure (D:5)
  A black bear (D:6)
  2 ogres
  A big kobold (D:6)
  A bullfrog (D:6)
  A water moccasin zombie (D:6)
  A scorpion (D:4)
  A centaur zombie (D:6)
  A hound (D:4)
  3 orc priests
  2 orc wizards
  7 worker ants
  A hound skeleton (D:5)
  4 gnolls (D:6)
  10 adders
  An adder zombie (D:6)
  An adder skeleton (D:6)
  3 worms
  A dart slug (D:1)
  4 leopard geckos
  23 orcs
  2 ball pythons
  2 giant cockroaches
  7 goblins
  8 hobgoblins
  6 jackals
  A quokka (D:4)
  6 bats
  4 frilled lizards
  49 kobolds
  A leopard gecko skeleton (D:4)
  A quokka zombie (D:5)
  10 rats
170 creatures vanquished.

Notes
Turn   | Place    | Note
-------+----------+-------------------------------------------
     0 | D:1      | Borgoz the Ghoul Gladiator began the quest for the Orb.
     0 | D:1      | Reached XP level 1. HP: 17/17 MP: 0/0
   257 | D:1      | Reached XP level 2. HP: 12/25 MP: 1/1
  1193 | D:1      | Reached XP level 3. HP: 30/30 MP: 2/2
  1772 | D:2      | Reached skill level 1 in Armour
  1772 | D:2      | Reached XP level 4. HP: 37/37 MP: 3/3
  1778 | D:2      | Found a faded altar of an unknown god.
  2748 | D:3      | Found a hazy altar of Hepliaklqana.
  2751 | D:3      | Found a shimmering blue altar of Sif Muna.
  2751 | D:3      | Found an ancient bone altar of Kikubaaqudgha.
  2753 | D:3      | Found a snail-covered altar of Cheibriados.
  2753 | D:3      | Found a shadowy altar of Dithmenos.
  2756 | D:3      | Reached XP level 5. HP: 45/45 MP: 4/4
  2810 | D:3      | Became a worshipper of Dithmenos the Shadowed
  3172 | D:4      | Reached XP level 6. HP: 17/51 MP: 5/5
  3743 | D:4      | Noticed Sigmund
  3775 | D:4      | Killed Sigmund
  3776 | D:4      | Reached XP level 7. HP: 34/58 MP: 6/6
  4093 | D:4      | Found a hide-covered altar of Uskayaw.
  4106 | D:5      | Entered Level 5 of the Dungeon
  4207 | D:5      | Reached * piety under Dithmenos
  4388 | D:5      | Noticed Menkaure
  4414 | D:5      | Killed Menkaure
  4415 | D:5      | Reached skill level 5 in Long Blades
  4415 | D:5      | Reached skill level 5 in Dodging
  4850 | D:5      | Reached XP level 8. HP: 36/67 MP: 7/7
  5297 | D:5      | Found a sparkling altar of Nemelex Xobeh.
  5332 | D:5      | Found a sacrificial altar of Ru.
  5487 | D:6      | Noticed Maggie
  5532 | D:6      | Killed Maggie
  5795 | D:6      | Found a basalt altar of Yredelemnul.
  5837 | D:6      | Found a staircase to the Ecumenical Temple.
  5858 | Temple   | Entered the Ecumenical Temple
  5891 | D:6      | Reached skill level 5 in Fighting
  5990 | D:6      | Noticed Prince Ribbit
  6008 | D:6      | Killed Prince Ribbit
  6009 | D:6      | Reached XP level 9. HP: 72/74 MP: 8/8
  6183 | D:6      | Reached ** piety under Dithmenos
  6393 | D:6      | Reached *** piety under Dithmenos
  6614 | D:6      | Killed from afar by an electric eel

Illustrated notes

Levels and vault maps discovered:
D:1:      dpeg_arrival_pits, layout_loops_corners, serial_park_tiny_pond
D:2:      layout_loops_ring, chequers_ecumenical_altar_simple_redux,
          kennysheep_generic_room_2
D:3:      layout_basic, grunt_temple_overflow_open
D:4:      layout_loops_ring, lemuel_round_altar, chequers_serial_rivers_micro_e,
          grunt_ministairs_12, uniq_sigmund
D:5:      layout_gridville, lemuel_coloured_pillars_altar,
          nicolae_ru_path_of_blood, uniq_menkaure
D:6:      minmay_goblin_kobold_castle, layout_rooms, yredelemnul_altar_generic,
          minmay_temple_entry_proselytizer, grunt_ministairs_12,
          uniq_prince_ribbit1, uniq_maggie
Temple:   minmay_freezing_vapour_temple

Skill      XL: |  1  2  3  4  5  6  7  8  9 |
---------------+----------------------------+-----
Dodging        | 3 4 5 6 |  6.8
Long Blades    | 3 4 5 6 |  6.7
Armour         | 1 2 3 4 |  4.0
Fighting       | 3 4 5 |  5.5
Throwing       | |  1.7

Action                   |  1- 3 |  4- 6 |  7- 9 || total
-------------------------+-------+-------+-------++-------
Melee: Long sword        |   113 |    24 |       ||   137
       Dagger            |       |   210 |   189 ||   399
       Scimitar          |       |       |   118 ||   118
Throw: Throwing net      |       |     4 |     3 ||     7
  Use: Scroll            |       |     9 |     5 ||    14
       Potion            |       |     1 |     1 ||     2
 Stab: Held in net/web   |       |       |     3 ||     3
       Sleeping          |       |       |     1 ||     1
Armor: Leather armour    |    22 |       |       ||    22
       Scale mail        |    25 |    97 |    74 ||   196
       Steam dragon scal |       |       |    25 ||    25
Dodge: Dodged            |    85 |   129 |   216 ||   430
       Rpst.: Long sword |    29 |     5 |       ||    34
       Scimitar          |       |       |    35 ||    35

Table legend: (Time is in decaauts)
 A = Elapsed time spent in this place.
 B = Non-inter-level travel time spent in this place.
 C = Inter-level travel time spent in this place.
 D = Time resting spent in this place.
 E = Time spent auto-exploring this place.
 F = Levels seen in this place.
 G = Mean time per level.
                   A        B        C        D        E       F      G
               +--------+--------+--------+--------+--------+-----+--------+
         Total |   6601 |   6446 |    155 |   1326 |   3820 |   7 |  943.0 |
       Dungeon |   6585 |   6435 |    150 |   1326 |   3809 |   6 | 1097.5 |
        Temple |     16 |     11 |      5 |      0 |     11 |   1 |   16.0 |
               +--------+--------+--------+--------+--------+-----+--------+

Top non-repeatable levels by time:
     D:1: 1354 daAuts
     D:5: 1343 daAuts
     D:4: 1247 daAuts
     D:6: 1127 daAuts
     D:2: 834 daAuts
     D:3: 677 daAuts
  Temple: 16 daAuts
